[Event "Titled Tuesday Blitz October 11 Early 2022"]
[White "Horak, Martin"]
[Black "Sadubayev, Airat"]
[WhiteFideId "367095"]
[BlackFideId "13713264"]
[WhiteElo "2091"]
[BlackElo "2215"]
[Result "0-1"]
[Round "10"]
[TimeControl "180+1"]
[Date "2022.10.12"]
[WhiteClock "0:00:05"]
[BlackClock "0:00:04"]

1. d4 Nf6 2. Nf3 c5 3. d5 g6 4. Nc3 Bg7 5. e4 d6 6. Bb5+ Nfd7 7. a4 O-O 8. h3 Na6 9. O-O Nb4 10. Bf4 a6 11. Bc4 b5 12. axb5 Nb6 13. Nd2 Nxc4 14. Nxc4 Bd7 15. bxa6 Qc7 16. Qd2 Nxa6 17. Rfe1 Nb4 18. Rxa8 Rxa8 19. e5 dxe5 20. Nxe5 Qb7 21. Nxd7 Qxd7 22. Rd1 Qf5 23. Be3 Rc8 24. Ne2 Qxc2 25. Rc1 Qxd2 26. Bxd2 Nxd5 27. Bc3 Nxc3 28. Nxc3 e6 29. Na4 Bd4 30. b4 c4 31. b5 c3 32. b6 Rc4 33. b7 Rb4 34. Nxc3 Rxb7 35. Ne2 Ba7 36. Kf1 Kg7 37. g3 h5 38. h4 Kf6 39. Rc2 e5 40. Kg2 Kf5 41. Ng1 f6 42. Nf3 Rd7 43. Ng1 Bd4 44. Nf3 Ba7 45. Ng1 Ke6 46. Nf3 Rd6 47. Ng1 Bb6 48. Nf3 e4 49. Ng1 Bd4 50. Ne2 Be5 51. Ra2 f5 52. Nf4+ Bxf4 53. gxf4 Kf6 54. Ra8 Rd3 55. Ra6+ Kg7 56. Ra7+ Kh6 57. Ra8 Rf3 58. Rh8+ Kg7 59. Ra8 Rxf4 60. Kg3 Rf3+ 61. Kg2 Kf6 62. Ra6+ Kg7 63. Ra7+ Kh6 64. Ra8 Rd3 65. Rh8+ Kg7 66. Ra8 Rd2 67. Ra7+ Kh6 68. Kg3 Rd6 69. Ra8 Rd3+ 70. Kg2 e3 71. fxe3 Rxe3 72. Rh8+ Kg7 73. Ra8 Kf6 74. Ra6+ Re6 75. Ra5 Re4 76. Kg3 Kg7 77. Ra8 Kh6 78. Rh8+ Kg7 79. Ra8 Rg4+ 80. Kh3 Rd4 81. Ra7+ Kf6 82. Ra6+ Kf7 83. Ra7+ Ke6 84. Rg7 Kf6 85. Ra7 f4 86. Ra6+ Kf5 87. Ra5+ Ke4 88. Ra6 Kf3 89. Rxg6 Rd1 90. Kh2 Rd2+ 91. Kh3 Kf2 92. Rg2+ Ke3 93. Rg5 f3 94. Re5+ Kf4 95. Re8 Rg2 96. Rf8+ Ke3 97. Re8+ Kd2 98. Rf8 Ke2 99. Re8+ Kf1 0-1


[Site "https://www.chess.com"]

[Event "Titled Tuesday Blitz October 11 Early 2022"]
[White "Ianov, Viktor"]
[Black "Kaidanov, Gregory"]
[WhiteFideId "14102730"]
[BlackFideId "2008564"]
[WhiteElo "2152"]
[BlackElo "2653"]
[Result "0-1"]
[Round "10"]
[TimeControl "180+1"]
[Date "2022.10.12"]
[WhiteClock "0:00:52"]
[BlackClock "0:01:26"]

1. Nf3 d5 2. g3 Nf6 3. Bg2 Nc6 4. c4 d4 5. d3 e5 6. O-O a5 7. e3 Be7 8. exd4 exd4 9. Bf4 O-O 10. Na3 Be6 11. Nb5 Rc8 12. Ne5 Nxe5 13. Bxe5 Ng4 14. Bf4 c6 15. Na3 Qd7 16. Nc2 h6 17. Re1 Rfd8 18. a3 b5 19. b3 a4 20. bxa4 bxc4 21. dxc4 d3 22. Nb4 Bc5 23. Be3 Nxe3 24. fxe3 d2 25. Re2 Bg4 26. Bf1 Bxe3+ 27. Kh1 Qf5 28. Rxe3 Bxd1 29. Rxd1 Re8 30. Rxe8+ Rxe8 0-1


[Site "https://www.chess.com"]

[Event "Titled Tuesday Blitz October 11 Early 2022"]
[White "Indjic, Aleksandar"]
[Black "Krysa, Leandro"]
[WhiteFideId "911925"]
[BlackFideId "116807"]
[WhiteElo "2592"]
[BlackElo "2486"]
[Result "1-0"]
[Round "10"]
[TimeControl "180+1"]
[Date "2022.10.11"]
[WhiteClock "0:01:19"]
[BlackClock "0:00:08"]

1. d4 g6 2. c4 Bg7 3. e4 d6 4. Nc3 e5 5. Nge2 exd4 6. Nxd4 Nc6 7. Be3 Nge7 8. h4 f5 9. h5 fxe4 10. hxg6 hxg6 11. Rxh8+ Bxh8 12. Nxe4 Nf5 13. Bg5 Qd7 14. Bf6 Qh7 15. Nb5 a6 16. Bxh8 Kf8 17. Nxc7 Qxc7 18. g4 Ng7 19. Qf3+ Qf7 20. Qxf7+ Kxf7 21. Nxd6+ Kg8 22. Bxg7 Kxg7 23. f3 Nd4 24. Kf2 Ne6 25. Re1 Kf6 26. Kg3 Bd7 27. f4 g5 28. f5 Nc5 29. b4 Na4 30. Ne4+ Kg7 31. Nxg5 Bc6 32. Re7+ Kf8 33. f6 Rd8 34. Ne6+ 1-0


[Site "https://www.chess.com"]

[Event "Titled Tuesday Blitz October 11 Early 2022"]
[White "Jaskolka, Tomasz"]
[Black "Kodinets, Konstantin L."]
[WhiteFideId "1170791"]
[BlackFideId "4122011"]
[WhiteElo "2126"]
[BlackElo "2447"]
[Result "1-0"]
[Round "10"]
[TimeControl "180+1"]
[Date "2022.10.12"]
[WhiteClock "0:00:10"]
[BlackClock "0:00:06"]

1. d4 d6 2. e4 Nf6 3. Nc3 e5 4. Nf3 exd4 5. Nxd4 Be7 6. Bd3 Nc6 7. Nxc6 bxc6 8. O-O O-O 9. h3 Nd7 10. f4 Bf6 11. Be3 a5 12. Qe2 Rb8 13. e5 dxe5 14. Ne4 Be7 15. Rad1 Qe8 16. Qh5 f5 17. Bc4+ Kh8 18. Qxe8 Rxe8 19. Ng3 Nb6 20. Bxb6 cxb6 21. fxe5 g6 22. Bf7 Rf8 23. e6 b5 24. b3 c5 25. Ne2 Bg5 26. Nc3 Be3+ 27. Kh1 Bd4 28. Nd5 Bb7 29. c4 Kg7 30. Nc7 bxc4 31. bxc4 Rxf7 32. exf7 Kxf7 33. Nb5 Rd8 34. Rde1 Ba6 35. a4 Rd7 36. Rd1 Bb7 37. Rd2 Bc6 38. Rfd1 Bxb5 39. axb5 a4 40. Ra2 Ra7 41. Rd3 a3 42. Rdxa3 Rxa3 43. Rxa3 Ke6 44. g3 g5 45. Kg2 f4 46. gxf4 gxf4 47. Kf3 Ke5 48. b6 Be3 49. b7 Kd4 50. b8=Q Kxc4 51. Qb3+ 1-0


[Site "https://www.chess.com"]

[Event "Titled Tuesday Blitz October 11 Early 2022"]
[White "Jiganchine, Roman"]
[Black "Namitbir Singh Walia"]
[WhiteFideId "2603667"]
[BlackFideId "35071068"]
[WhiteElo "2312"]
[BlackElo "2239"]
[Result "0-1"]
[Round "10"]
[TimeControl "180+1"]
[Date "2022.10.12"]
[WhiteClock "0:00:05"]
[BlackClock "0:01:06"]

1. e4 c5 2. Nf3 Nc6 3. Bb5 g6 4. O-O Bg7 5. c3 e5 6. Re1 Nge7 7. Na3 O-O 8. Nc4 d5 9. exd5 Qxd5 10. Ne3 Qd8 11. d3 a6 12. Bc4 Na5 13. a4 Qc7 14. Nd5 Nxd5 15. Bxd5 Bf5 16. Qe2 Rad8 17. Be4 Be6 18. Ng5 Bb3 19. g3 Qd6 20. Be3 b6 21. h4 h6 22. Nh3 f5 23. Bg2 Qxd3 24. Qxd3 Rxd3 25. Bf1 Rd6 26. Bxa6 Ra8 27. Bb5 Nc4 28. Bxc4+ Bxc4 29. a5 bxa5 30. Bxc5 Rd2 31. Ba3 Bb3 32. f3 a4 33. Nf2 Rad8 34. Kf1 Rc2 35. Kg1 Rdd2 36. Bc5 Rxb2 37. Be3 Re2 38. Rxe2 Rxe2 39. Rc1 Rxe3 0-1


[Site "https://www.chess.com"]

[Event "Titled Tuesday Blitz October 11 Early 2022"]
[White "Jobava, Baadur"]
[Black "Xu, Yi"]
[WhiteFideId "13601520"]
[BlackFideId "8605564"]
[WhiteElo "2582"]
[BlackElo "2471"]
[Result "0-1"]
[Round "10"]
[TimeControl "180+1"]
[Date "2022.10.11"]
[WhiteClock "0:00:02"]
[BlackClock "0:00:44"]

1. d4 Nf6 2. Nc3 d5 3. Bf4 a6 4. e3 e6 5. a3 c5 6. h3 Nc6 7. Nf3 Bd6 8. dxc5 Bxc5 9. Bd3 Bd6 10. Bxd6 Qxd6 11. O-O O-O 12. e4 d4 13. Ne2 e5 14. Qd2 Rd8 15. Rae1 Be6 16. Ng5 h6 17. Nxe6 Qxe6 18. Kh2 Rac8 19. g4 Nh7 20. Kg2 b5 21. Ng3 Qg6 22. Nf5 Ng5 23. f4 Ne6 24. fxe5 Rc7 25. Qf2 Nxe5 26. Qg3 Nxd3 27. cxd3 Rdc8 28. Rf2 Qg5 29. h4 Qd8 30. Ref1 Rc2 31. Rxc2 Rxc2+ 32. Rf2 Rxf2+ 33. Kxf2 Qa5 34. Ke2 Qa4 35. Qb8+ Kh7 36. Qe8 Qc2+ 37. Ke1 Nf4 0-1


[Site "https://www.chess.com"]

[Event "Titled Tuesday Blitz October 11 Early 2022"]
[White "Kaganskiy, Gleb"]
[Black "Blokhin, Sofia"]
[WhiteFideId "4132025"]
[BlackFideId "4508190"]
[WhiteElo "2165"]
[BlackElo "2005"]
[Result "1-0"]
[Round "10"]
[TimeControl "180+1"]
[Date "2022.10.12"]
[WhiteClock "0:00:09"]
[BlackClock "0:00:04"]

1. e4 c5 2. Nf3 Nc6 3. Bb5 d6 4. Bxc6+ bxc6 5. e5 d5 6. h3 Bf5 7. d3 e6 8. b3 Be7 9. Bb2 f6 10. O-O fxe5 11. Nxe5 Qc7 12. c4 d4 13. Re1 Nf6 14. Nd2 O-O 15. Ndf3 Bd6 16. Ba3 a5 17. Re2 h6 18. Qc2 Nh5 19. Bc1 g5 20. Bd2 Ng7 21. Rae1 Rf6 22. Ng4 Bxg4 23. hxg4 Bf4 24. Ne5 Raf8 25. g3 Bxe5 26. Rxe5 Rxf2 27. Qd1 R2f3 28. Kg2 Rxd3 29. Qe2 Rff3 30. Qxf3 Rxf3 31. Kxf3 Qf7+ 32. Kg2 Qg6 33. R1e4 Kf7 34. Bxa5 Ne8 35. Rxe6 Qxe6 36. Rxe6 Kxe6 37. Bb6 Kd6 38. Kf3 Nf6 39. a4 Nd7 40. Bd8 Ne5+ 41. Ke2 Nxg4 42. a5 Kd7 43. a6 Kc8 44. Bb6 h5 45. Bxc5 h4 46. gxh4 gxh4 47. Bxd4 h3 48. Kf3 h2 49. Kg2 Kb8 50. b4 Ka8 51. b5 cxb5 52. cxb5 Nh6 53. Kxh2 Nf5 54. Bc5 Ng7 55. b6 Ne6 56. b7+ Kb8 57. Bd6+ Nc7 58. Bxc7+ Kxc7 59. Kg3 Kb8 60. Kf4 Ka7 61. Ke5 Kb8 62. Kd6 Ka7 63. Kc7 Kxa6 64. b8=Q 1-0


[Site "https://www.chess.com"]

[Event "Titled Tuesday Blitz October 11 Early 2022"]
[White "Kiseljova, Marya"]
[Black "Antonio, Jorge Carlos"]
[WhiteFideId "4155009"]
[BlackFideId "113190"]
[WhiteElo "1931"]
[BlackElo "2247"]
[Result "0-1"]
[Round "10"]
[TimeControl "180+1"]
[Date "2022.10.12"]
[WhiteClock "0:00:02"]
[BlackClock "0:00:05"]

1. d4 d5 2. c4 c6 3. Nc3 dxc4 4. a4 Nf6 5. e4 e5 6. dxe5 Qxd1+ 7. Kxd1 Ng4 8. Nh3 Nxe5 9. Bf4 Nd3 10. Bxd3 cxd3 11. Kd2 Na6 12. Kxd3 Nb4+ 13. Ke2 Bg4+ 14. f3 Be6 15. Rhd1 Bc4+ 16. Kf2 Nd3+ 17. Kg3 h5 18. Rxd3 Bxd3 19. Rd1 Rd8 20. Ng5 Be7 21. h4 Bxg5 22. Bxg5 f6 23. Be3 Kf7 24. Bxa7 Bc2 25. Rc1 Bb3 26. Be3 Rd3 27. Bb6 g5 28. a5 Rd2 29. Rb1 Bc4 30. b3 Ba6 31. b4 Rd3 32. Na4 Ra3 33. Nc5 Ra2 34. Rd1 gxh4+ 35. Kxh4 Rxg2 36. Nxb7 Kg6 37. Nc5 Be2 38. Rd6 Bxf3 39. Ne6 Rg4+ 40. Kh3 Rxe4 41. Kg3 Bg4 42. Nf4+ Kf5 43. Rxc6 h4+ 44. Kg2 Kxf4 45. Rxf6+ Kg5 46. Rd6 h3+ 47. Kh2 Re2+ 48. Kg3 h2 49. Rd5+ Bf5 0-1


[Site "https://www.chess.com"]

[Event "Titled Tuesday Blitz October 11 Early 2022"]
[White "Krzywda, Andrzej"]
[Black "Turutin, Alexander"]
[WhiteFideId "1114565"]
[BlackFideId "4180623"]
[WhiteElo "2149"]
[BlackElo "2402"]
[Result "1/2-1/2"]
[Round "10"]
[TimeControl "180+1"]
[Date "2022.10.12"]
[WhiteClock "0:00:08"]
[BlackClock "0:00:05"]

1. e4 c6 2. d4 d5 3. e5 c5 4. Nf3 cxd4 5. Nxd4 e6 6. Bd3 Ne7 7. O-O Nbc6 8. Nf3 Ng6 9. Re1 Bc5 10. Nbd2 O-O 11. Nb3 Bb6 12. c3 f6 13. exf6 Qxf6 14. Bg5 Qf7 15. Qd2 e5 16. Bxg6 hxg6 17. Bh4 e4 18. Nfd4 Ne5 19. Nc1 Bg4 20. b3 Rac8 21. Bg3 Rfe8 22. Nce2 Nd3 23. Rf1 Rf8 24. Nc1 Bxd4 25. cxd4 Bf5 26. Nxd3 exd3 27. Rac1 Rc2 28. Qg5 Rfc8 29. Rcd1 Qf6 30. Qf4 Be4 31. Qg4 Bf5 32. Qf4 Re2 33. Bh4 Qe6 34. Bg5 Rcc2 35. Qh4 Qe4 36. Qg3 Kf7 37. Qb8 Bh3 38. Qxb7+ Kg8 39. Qb8+ Bc8 40. Qg3 Kf7 41. Be3 Qf5 42. h4 Kg8 43. Qd6 Kh7 44. Qg3 Qe4 45. h5 Bf5 46. h6 gxh6 47. Qh2 Qe6 48. Qxh6+ Kg8 49. Qg5 Be4 50. Qg3 Kg7 51. Qf4 Qf5 52. Qh6+ Kg8 53. Qh2 Qg4 54. Qb8+ Kf7 55. Qxa7+ Kf6 56. Qb6+ Kg7 57. Qa7+ Kf6 58. Qb6+ Kg7 59. Qa7+ Kf6 1/2-1/2


[Site "https://www.chess.com"]

[Event "Titled Tuesday Blitz October 11 Early 2022"]
[White "Kuznetsova, Olga"]
[Black "Skliarov, Viktor"]
[WhiteFideId "4191323"]
[BlackFideId "14106736"]
[WhiteElo "2134"]
[BlackElo "2284"]
[Result "1-0"]
[Round "10"]
[TimeControl "180+1"]
[Date "2022.10.12"]
[WhiteClock "0:00:37"]
[BlackClock "0:00:14"]

1. d4 Nf6 2. g3 g6 3. Bg2 Bg7 4. e4 d6 5. Nc3 O-O 6. h3 c5 7. dxc5 dxc5 8. Be3 Qa5 9. Ne2 Rd8 10. Qc1 Nc6 11. O-O Nd4 12. Rd1 Nxe2+ 13. Nxe2 Be6 14. c3 Rxd1+ 15. Qxd1 Rd8 16. Qc2 Bc4 17. Rd1 Nd7 18. a3 Qb5 19. Nc1 Be6 20. Bf1 Qc6 21. Bg2 h5 22. Qe2 Rc8 23. Nd3 Bc4 24. Qd2 b6 25. Nf4 Ne5 26. Nd5 Re8 27. Qc2 Qb7 28. b3 Bb5 29. f4 Nd7 30. c4 Bc6 31. e5 e6 32. Nc3 Bxg2 33. Qxg2 Qxg2+ 34. Kxg2 Rd8 35. Ne4 Kf8 36. b4 cxb4 37. axb4 Ke7 38. c5 bxc5 39. bxc5 Nb8 40. Rb1 Nc6 41. Nd6 Rd7 42. Kf3 g5 43. Ke4 f5+ 44. exf6+ Bxf6 45. fxg5 Bg7 46. Rf1 Nd8 47. g6 Bf6 48. Nc8+ Ke8 49. Rxf6 1-0


[Site "https://www.chess.com"]

[Event "Titled Tuesday Blitz October 11 Early 2022"]
[White "Laohawirapap, Prin"]
[Black "Orzech, Dominik"]
[WhiteFideId "6205003"]
[BlackFideId "1115065"]
[WhiteElo "2113"]
[BlackElo "2272"]
[Result "1-0"]
[Round "10"]
[TimeControl "180+1"]
[Date "2022.10.12"]
[WhiteClock "0:00:11"]
[BlackClock "0:00:04"]

1. e4 c6 2. d4 d5 3. exd5 cxd5 4. Bd3 Nf6 5. c3 Nc6 6. Bf4 Bg4 7. Qb3 Qd7 8. Nd2 e6 9. Ngf3 Bd6 10. Bxd6 Qxd6 11. O-O O-O 12. Rae1 Nd7 13. Qc2 Kh8 14. Bxh7 g6 15. Bxg6 fxg6 16. Qxg6 Bf5 17. Qh6+ Kg8 18. Ng5 Rf6 19. Qh5 Raf8 20. Re3 Bg6 21. Qh6 Bd3 22. Qh4 Rf4 23. Qh5 Nf6 24. Qh6 Ng4 25. Qxe6+ Qxe6 26. Rxe6 Bxf1 27. Nxf1 Rxf2 28. Ng3 Rxb2 29. Nf3 Rb1+ 30. Nf1 Rf6 31. Re8+ Kf7 32. Re2 Kg7 33. h3 Nh6 34. Kf2 Nf7 35. Ne3 Re6 36. g4 Kf6 37. Nxd5+ Kg7 38. Rxe6 Rb2+ 39. Re2 Rb1 40. Nf4 Kf6 41. d5 Nce5 42. Nxe5 Nxe5 43. Nh5+ Kg6 44. Rxe5 Rb2+ 45. Kg3 Kh6 46. Re6+ Kg5 47. h4# 1-0


[Site "https://www.chess.com"]

[Event "Titled Tuesday Blitz October 11 Early 2022"]
[White "Lazavik, Denis"]
[Black "Weetik, Vjacheslav"]
[WhiteFideId "13515110"]
[BlackFideId "4153472"]
[WhiteElo "2437"]
[BlackElo "2469"]
[Result "1-0"]
[Round "10"]
[TimeControl "180+1"]
[Date "2022.10.11"]
[WhiteClock "0:00:07"]
[BlackClock "0:00:07"]

1. d4 Nf6 2. c4 g6 3. g3 c6 4. Nf3 d5 5. Bg2 Bg7 6. O-O O-O 7. Qb3 Qb6 8. Nc3 Rd8 9. Bf4 dxc4 10. Qxc4 Qxb2 11. Ng5 e6 12. Bc7 Re8 13. e4 b5 14. Qd3 b4 15. Na4 Qa3 16. Qxa3 bxa3 17. e5 Nd5 18. Bd6 f6 19. Ne4 Nd7 20. f4 Ne3 21. Rfc1 Ba6 22. Bxa3 Bc4 23. Nd6 Bd5 24. Bxd5 cxd5 25. Nxe8 Rxe8 26. Rc7 Nb6 27. Nxb6 axb6 28. Re1 Nc4 29. Bb4 fxe5 30. fxe5 Bh6 31. Kg2 Ra8 32. a3 Ne3+ 33. Kh3 Nf5 34. Rd1 Be3 35. Rd3 h5 36. Rc6 Kf7 37. Rxb6 g5 38. Rb7+ Kg6 39. Rb6 Kf7 40. Rc3 g4+ 41. Kg2 Bxd4 42. Rc7+ Kg6 43. Rxe6+ Kg5 44. Bd2+ Be3 45. Bxe3+ Nxe3+ 46. Kf2 Rxa3 47. Rf6 Nf5 48. Rcf7 Ra2+ 49. Ke1 Nd4 50. Rg7# 1-0


[Site "https://www.chess.com"]

[Event "Titled Tuesday Blitz October 11 Early 2022"]
[White "Leiva, Gianmarco"]
[Black "Sernecki, Franciszek"]
[WhiteFideId "3804399"]
[BlackFideId "1169297"]
[WhiteElo "2285"]
[BlackElo "2209"]
[Result "1-0"]
[Round "10"]
[TimeControl "180+1"]
[Date "2022.10.11"]
[WhiteClock "0:00:06"]
[BlackClock "0:00:19"]

1. e4 e6 2. d4 d5 3. Nd2 c5 4. exd5 exd5 5. Ngf3 Nf6 6. Bb5+ Bd7 7. Qe2+ Be7 8. dxc5 O-O 9. O-O Re8 10. Nb3 Bxc5 11. Qd3 Bb6 12. Bg5 Bxb5 13. Qxb5 Nc6 14. a4 h6 15. Bxf6 Qxf6 16. a5 Nd4 17. Nbxd4 Bxd4 18. c3 Be5 19. Rfe1 Qd6 20. Rad1 Kh7 21. Qxb7 Rab8 22. Qxd5 Bxh2+ 23. Kh1 Rxe1+ 24. Nxe1 Qxd5 25. Rxd5 Rxb2 26. Kxh2 Rxf2 27. Rd7 a6 28. Rc7 Rf5 29. Nf3 f6 30. Nd4 Rxa5 31. Ne6 Kg6 32. Rxg7+ Kf5 33. Nd4+ Ke4 34. Rg6 f5 35. Nf3 Rc5 36. Rxa6 Rxc3 37. Rxh6 Kf4 38. Rh4+ Ke3 39. Kg3 Rc2 40. Ra4 f4+ 41. Kh3 Rb2 42. Ra3+ Kf2 43. Rd3 Ra2 44. Nh4 Ra1 45. Rf3+ Ke2 46. Rxf4 Ke3 47. g3 Ra8 48. Nf5+ Kd3 49. g4 Rg8 50. Kh4 Rh8+ 51. Kg3 Rg8 52. Rd4+ Kc3 53. Rd7 Kc4 54. Kf4 Kc5 55. g5 Kc6 56. Rd1 Kc7 57. Rg1 Kd7 58. g6 Ke6 59. Kg5 Ra8 60. Re1+ Kd7 61. g7 Ra2 62. Kf6 Rg2 63. Kf7 Kc6 64. g8=Q Rxg8 65. Kxg8 Kd5 66. Kf7 Kc4 67. Kf6 Kd3 68. Re5 1-0


[Site "https://www.chess.com"]

[Event "Titled Tuesday Blitz October 11 Early 2022"]
[White "Lewtak, Damian"]
[Black "Tiarks, Jann-Christian"]
[WhiteFideId "1141724"]
[BlackFideId "12951595"]
[WhiteElo "2329"]
[BlackElo "2194"]
[Result "1-0"]
[Round "10"]
[TimeControl "180+1"]
[Date "2022.10.12"]
[WhiteClock "0:01:44"]
[BlackClock "0:01:50"]

1. b3 a5 2. Bb2 a4 3. g3 e6 4. Bg2 a3 5. Bc1 d5 6. d4 Nf6 7. Nd2 Bb4 8. Rb1 O-O 9. e3 c5 10. Ne2 cxd4 11. exd4 Nc6 12. c3 Be7 13. O-O b6 14. Re1 Ba6 15. Nf4 Qc7 16. Bf1 Bxf1 17. Nxf1 Ne4 18. Bd2 Na5 19. Rc1 Rac8 20. c4 Nxd2 21. Qxd2 dxc4 22. Ne3 c3 23. Qd3 Rfd8 24. Ne2 Bb4 25. Nc2 Qe7 26. Nxb4 Qxb4 27. Red1 e5 28. d5 Rc5 29. d6 Rc6 30. d7 Rc7 31. Rxc3 Rcxd7 32. Qxd7 Rxd7 33. Rc8+ 1-0


[Site "https://www.chess.com"]

[Event "Titled Tuesday Blitz October 11 Early 2022"]
[White "Lopez, Henry"]
[Black "Tristan, Leonardo"]
[WhiteFideId "5203830"]
[BlackFideId "113816"]
[WhiteElo "2177"]
[BlackElo "2446"]
[Result "0-1"]
[Round "10"]
[TimeControl "180+1"]
[Date "2022.10.12"]
[WhiteClock "0:00:13"]
[BlackClock "0:00:13"]

1. d4 d5 2. Nf3 Nf6 3. c4 e6 4. Nc3 a6 5. cxd5 exd5 6. Bg5 Be6 7. e3 Nbd7 8. Bd3 Bd6 9. Rc1 c6 10. O-O Qc7 11. Bh4 h6 12. Bg3 Bxg3 13. hxg3 Qd6 14. Qc2 O-O 15. Rfe1 Rfe8 16. Rcd1 Bg4 17. Bf5 Bxf5 18. Qxf5 Ne4 19. Nxe4 Rxe4 20. Nd2 Re6 21. Qc2 Rae8 22. Nf3 Nf6 23. Ne5 Ne4 24. a3 f6 25. Ng6 Kf7 26. Nf4 R6e7 27. Qe2 g6 28. Qg4 Rg8 29. Nd3 h5 30. Qf4 Qxf4 31. gxf4 h4 32. f3 Ng3 33. Kf2 Rge8 34. Nb4 a5 35. Nc2 g5 36. fxg5 fxg5 37. Rc1 Kg6 38. b4 axb4 39. axb4 Rf8 40. Kg1 g4 41. f4 Rfe8 42. b5 cxb5 43. Nb4 Rxe3 44. Rxe3 Rxe3 45. Nxd5 Rd3 46. Rc7 Rd1+ 47. Kf2 Rxd4 48. Ne7+ Kf6 49. Rxb7 Rxf4+ 50. Ke3 Rf1 51. Nd5+ Kg5 52. Rxb5 Rf5 53. Kd4 h3 54. gxh3 gxh3 55. Rb3 h2 56. Rxg3+ Kh4 57. Rg8 h1=Q 58. Rh8+ Rh5 0-1


[Site "https://www.chess.com"]

[Event "Titled Tuesday Blitz October 11 Early 2022"]
[White "Luxama, Jacques Muller"]
[Black "Ziatdinov, Raset"]
[WhiteFideId "11900113"]
[BlackFideId "2015323"]
[WhiteElo "1931"]
[BlackElo "2220"]
[Result "1-0"]
[Round "10"]
[TimeControl "180+1"]
[Date "2022.10.12"]
[WhiteClock "0:01:55"]
[BlackClock "0:01:32"]

1. d4 Nf6 2. c4 g6 3. Nc3 Bg7 4. g3 O-O 5. Bg2 d6 6. Bf3 Nc6 7. Bg2 e5 8. d5 Ne7 9. Nf3 Nd7 10. O-O f5 11. Ng5 Nf6 12. e4 h6 13. Ne6 Bxe6 14. dxe6 Kh7 15. b3 c6 16. Ba3 Nc8 17. Qd3 f4 18. Rad1 Qa5 19. Bxd6 Nxd6 20. b4 Qxb4 21. Qxd6 Qxc3 22. e7 Rf7 23. gxf4 Ne8 24. Qe6 Rxf4 25. Rd8 Nc7 26. Qg8# 1-0


[Site "https://www.chess.com"]

[Event "Titled Tuesday Blitz October 11 Early 2022"]
[White "Machidon, Cristi"]
[Black "Pakleza, Zbigniew"]
[WhiteFideId "13904590"]
[BlackFideId "1119290"]
[WhiteElo "2312"]
[BlackElo "2411"]
[Result "1/2-1/2"]
[Round "10"]
[TimeControl "180+1"]
[Date "2022.10.11"]
[WhiteClock "0:01:11"]
[BlackClock "0:00:14"]

1. d4 d6 2. c4 e5 3. Nf3 exd4 4. Nxd4 g6 5. Nc3 Bg7 6. e4 Ne7 7. Be2 O-O 8. O-O Nbc6 9. Be3 f5 10. exf5 Bxd4 11. Bxd4 Nxf5 12. Be3 Nxe3 13. fxe3 Rxf1+ 14. Bxf1 Be6 15. a3 Qg5 16. Qd2 Ne5 17. Ne4 Nf3+ 18. Kh1 Nxd2 19. Nxg5 Bxc4 20. Bxc4+ Nxc4 21. Rc1 b5 22. b3 Nxa3 23. Rxc7 a5 24. Nxh7 a4 25. Nf6+ Kf8 26. bxa4 bxa4 27. Nd7+ Ke8 28. Nf6+ Kf8 29. Nd7+ Ke8 30. Nf6+ Kf8 1/2-1/2


[Site "https://www.chess.com"]

[Event "Titled Tuesday Blitz October 11 Early 2022"]
[White "Malek, Jan"]
[Black "Vaibhav Jayant Raut"]
[WhiteFideId "21864080"]
[BlackFideId "5089034"]
[WhiteElo "2255"]
[BlackElo "2147"]
[Result "0-1"]
[Round "10"]
[TimeControl "180+1"]
[Date "2022.10.11"]
[WhiteClock "0:00:02"]
[BlackClock "0:00:06"]

1. c4 Nf6 2. Nc3 e5 3. Nf3 Nc6 4. g3 Bb4 5. Bg2 O-O 6. O-O Bxc3 7. dxc3 d6 8. Qc2 Be6 9. b3 h6 10. e4 Qd7 11. Re1 Nh7 12. Nd2 f5 13. exf5 Bxf5 14. Ne4 Nf6 15. Qe2 Nxe4 16. Bxe4 Bxe4 17. Qxe4 Rf7 18. Be3 Raf8 19. Rad1 Qe6 20. c5 Rd7 21. cxd6 cxd6 22. c4 Ne7 23. Rd3 a6 24. Red1 Rfd8 25. Bb6 Rc8 26. f4 d5 27. Qe3 Nf5 28. cxd5 Rxd5 29. Qf2 Rxd3 30. Rxd3 e4 31. Rd8+ Rxd8 32. Bxd8 e3 33. Qe1 Nd4 34. Qa1 Nc2 35. Qb2 e2 36. Ba5 Qe3+ 37. Kg2 e1=Q 38. Bxe1 Nxe1+ 39. Kf1 Nf3 40. Kg2 Nd4 41. Qf2 Qe4+ 42. Kh3 Kf7 43. g4 Qd3+ 44. Kg2 Qe2 45. h3 Ke6 46. Qxe2+ Nxe2 47. Kf3 Nc3 48. a4 Nb1 49. Ke3 Nc3 50. Kd3 Nd5 51. Ke4 Nf6+ 52. Kd4 Nd7 53. b4 Kd6 54. a5 Nb8 55. Kc4 Nc6 56. b5 axb5+ 57. Kxb5 Kc7 58. f5 Kd6 59. Kb6 Kd5 0-1


[Site "https://www.chess.com"]

[Event "Titled Tuesday Blitz October 11 Early 2022"]
[White "Manon-og, Ramon Jr."]
[Black "Ovezdurdyyeva, Jemal"]
[WhiteFideId "5200776"]
[BlackFideId "14001888"]
[WhiteElo "2242"]
[BlackElo "1961"]
[Result "1-0"]
[Round "10"]
[TimeControl "180+1"]
[Date "2022.10.12"]
[WhiteClock "0:00:19"]
[BlackClock "0:00:12"]

1. e4 d6 2. d4 Nf6 3. Nc3 g6 4. Nf3 c6 5. h3 Bg7 6. Bc4 b5 7. Bd3 O-O 8. O-O a6 9. Bg5 Nbd7 10. e5 dxe5 11. dxe5 Nd5 12. Nxd5 cxd5 13. Re1 Nc5 14. Bf1 Ne4 15. Bf4 Bf5 16. c3 Qd7 17. Nd4 Rad8 18. f3 Nc5 19. Qd2 Ne6 20. Nxf5 gxf5 21. Bg3 h6 22. Rad1 Ng5 23. Bh4 f6 24. Qe3 fxe5 25. Bxg5 hxg5 26. Qxg5 Qe6 27. Bd3 e4 28. Bc2 Rd6 29. Bb3 Qe5 30. Rxe4 fxe4 31. Qg4 exf3 32. gxf3 e6 33. Rf1 Qe4 34. fxe4 dxe4 35. Bxe6+ 1-0


[Site "https://www.chess.com"]

[Event "Titled Tuesday Blitz October 11 Early 2022"]
[White "Martic, Ivan"]
[Black "Kosteniuk, Alexandra"]
[WhiteFideId "929301"]
[BlackFideId "4128125"]
[WhiteElo "2355"]
[BlackElo "2469"]
[Result "0-1"]
[Round "10"]
[TimeControl "180+1"]
[Date "2022.10.12"]
[WhiteClock "0:00:09"]
[BlackClock "0:00:30"]

1. e4 c6 2. d4 d5 3. Nd2 dxe4 4. Nxe4 Nf6 5. Nxf6+ exf6 6. c3 Bd6 7. Bd3 O-O 8. Qc2 Re8+ 9. Ne2 h5 10. Be3 Nd7 11. O-O-O Nf8 12. Kb1 Be6 13. Nf4 Bxf4 14. Bxf4 Qd5 15. c4 Qxg2 16. Rdg1 Qf3 17. Bh6 Ng6 18. Bxg7 Bh3 19. Bh6 f5 20. Ka1 Rad8 21. Be3 Re6 22. Be2 Qe4 23. Bd3 Qf3 24. Qd2 f4 25. Bxg6 fxg6 26. Bxf4 Bg2 27. Rxg2 Qxg2 28. Qd1 Qxf2 29. Bg3 Qxd4 30. Qb1 Qe4 31. Qc1 Qd3 32. Rf1 Qd2 33. Qb1 Rd3 34. a3 Re2 0-1


[Site "https://www.chess.com"]

[Event "Titled Tuesday Blitz October 11 Early 2022"]
[White "Martin Carmona, Gaston Manuel"]
[Black "Sargsyan, Anna M."]
[WhiteFideId "22284567"]
[BlackFideId "13308130"]
[WhiteElo "2235"]
[BlackElo "2284"]
[Result "0-1"]
[Round "10"]
[TimeControl "180+1"]
[Date "2022.10.12"]
[WhiteClock "0:00:12"]
[BlackClock "0:02:13"]

1. d4 d5 2. c4 c6 3. Nf3 Nf6 4. Nc3 dxc4 5. a4 Bf5 6. Ne5 Nbd7 7. Nxc4 Qc7 8. g3 e5 9. dxe5 Nxe5 10. Bf4 Nfd7 11. Bg2 g5 12. Bxe5 Nxe5 13. Qd4 f6 14. Ne3 Bg6 15. O-O Bg7 16. f4 gxf4 17. gxf4 Nd7 18. f5 Bf7 19. Ne4 O-O 20. Nd6 Ne5 21. Nxf7 Rxf7 22. a5 Rd8 23. Qf4 Rfd7 24. Nc4 Rd4 25. Qg3 Rxc4 26. Qb3 Kh8 27. a6 b6 28. Rac1 Rxc1 29. Rxc1 c5 30. Qe6 Qd7 31. Qb3 Bh6 32. Rf1 Ng4 33. Qg3 Rg8 34. Qh4 Qd4+ 35. Kh1 Bg5 36. Qg3 Be3 37. Qf3 Nf2+ 38. Kg1 Ng4+ 39. Kh1 Qe5 40. Qg3 Nf2+ 0-1


[Site "https://www.chess.com"]